 Dungeon Crawl Stone Soup version 0.30-a0-622-gddc90eaa04 (webtiles) character file.

Game seed: 4820854591206342988

5 OTABOTABOTAB the Insei (level 1, -4/13 HPs)
             Began as an Octopode Transmuter on Jan 11, 2023.
             Killed from afar by a dart slug (5 damage)
             ... with a slug dart
             ... on level 1 of the Dungeon.
             The game lasted 00:00:24 (43 turns).

OTABOTABOTAB the Insei (Octopode Transmuter)          Turns: 43, Time: 00:00:25

Health: -4/13      AC:  1    Str:  9    XL:     1   Next: 80%
Magic:  2/3        EV: 13    Int: 15    God:
Gold:   0          SH:  0    Dex: 12    Spells: 3/4 levels left

rFire   . . .      SeeInvis .      - Unarmed
rCold   . . .      Faith    .    (no shield)
rNeg    . . .      Spirit   .    (helmet currently unavailable)
rPois   .          Reflect  .    (no amulet)
rElec   .          Harm     .    (no ring)
rCorr   .          Rampage  .    (no ring)
Will    .....                    (no ring)
Stlth   ++                       (no ring)
HPRegen 0.22/turn                (no ring)
MPRegen 0.08/turn                (no ring)
                                 (no ring)
                                 (no ring)

@: appendages
A: tentacle spike 3, almost no armour, amphibious, 8 rings, camouflage 1,
gelatinous body 1, (nimble swimmer 1), tentacles
a: End Transformation


You were on level 1 of the Dungeon.
One of your tentacles had grown a beastly spike.
You visited 1 branch of the dungeon, and saw 1 of its levels.

Inventory:

Scrolls
 a - a scroll of immolation {unknown}
Potions
 b - a potion of curing {unknown}
 P - a potion of lignification {!q}


   Skills:
 - Level 1.0 Fighting
 - Level 2.0 Dodging
 + Level 3.2 Unarmed Combat
 - Level 2.0 Spellcasting
 + Level 2.2 Transmutations


You had 3 spell levels left.
You knew the following spells:

 Your Spells              Type           Power      Damage    Failure   Level
a - Beastly Appendage     Tmut           16%        N/A       9%          1

Your spell library contained the following spells:

 Spells                   Type           Power      Damage    Failure   Level
 Wereblood                Tmut           8%         N/A       13%         2
 Spider Form              Tmut/Pois      4%         N/A       38%         3
 Ice Form                 Ice/Tmut       4%         N/A       80%         4


Dungeon Overview and Level Annotations

Branches:
Dungeon (1/15)

Altars:


Innate Abilities, Weirdness & Mutations

One of your tentacles has grown a beastly spike.
You cannot wear most types of armour.
You are amphibious.
You can wear up to eight rings at the same time.
Your skin changes colour to match your surroundings (Stealth+).
Your rubbery body absorbs attacks. (AC +1, EV +1)
((You are camouflaged when in or above water. (Stealth+)))
You have tentacles for arms and can constrict up to eight enemies at once.


Message History

Bad channel name for runrest: 'Jiyva says: Divide and consume' Welcome, OTABOTABOTAB the Octopode Transmuter.
You feel drawn to the Orb of Zot, downwards into the unfathomable depths...
Found a staircase leading out of the dungeon.
a - a scroll labelled XENIOS KYNUNG
b - a red potion A jackal comes into view.
A jackal is nearby!
One of your tentacles grows a vicious spike.
You now have 2/3 mp. 2 jackals and an endoplasm come into view.
Your transformation is almost over.
What are your orders? t - Shout!
Orders for allies: a - Attack new target. r - Retreat! s - Stop attacking. g - Guard the area. f - Follow me.
Anything else - Cancel.
You shout for attention!
The jackal barks!
The endoplasm quivers.
The jackal barks!
The jackal attacks as you move away! The jackal closely misses you.
The jackal misses you.
You barely miss the jackal. Your grab misses the jackal.
You squeeze the jackal.
You kill the jackal!
The endoplasm freezes you.
You are frozen.
A jackal comes into view.
You see here a jackal corpse.
Unknown command.
You take 4 damage, and have 9/13 hp.
MASSIVE DAMAGE!!
The jackal barks!
You tentacle-slap the endoplasm.
You pierce the endoplasm, but do no damage.
The jackal bites you. The endoplasm freezes you.
You are frozen.
You take 5 damage, and have 4/13 hp.
MASSIVE DAMAGE!!
The jackal bites you but does no damage.
You closely miss the jackal. You grab the jackal.
You constrict the jackal, but do no damage.
The jackal bites you.
* * * LOW HITPOINT WARNING * * *
You take 1 damage, and have 3/13 hp.
You tentacle-slap the jackal.
You constrict the jackal, but do no damage.
The jackal closely misses you.
MP restored: 3 You tentacle-slap the jackal.
You squeeze the jackal, but do no damage.
You constrict the jackal, but do no damage.
The jackal misses you.
The jackal bites you but does no damage.
You tentacle-slap the jackal.
Your tentacle spike disappears.
You constrict the jackal.
You kill the jackal!
One of your tentacles grows a vicious spike.
The jackal bites you.
* * * LOW HITPOINT WARNING * * *
The jackal barely misses you.
You take 2 damage, and have 2/13 hp.
You now have 2/3 mp.
You tentacle-slap the jackal but do no damage.
You grab the jackal. You squeeze the jackal.
You kill the jackal!
The jackal barely misses you.
You tentacle-slap the endoplasm but do no damage.
You pierce the endoplasm.
The jackal closely misses you. The endoplasm closely misses you.
A dart slug comes into view.
You tentacle-slap the endoplasm.
You kill the endoplasm!
The jackal bites you.
* * * LOW HITPOINT WARNING * * *
You take 2 damage, and have 1/13 hp.
The dart slug launches a dart at you. The slug dart hits you.
You die...

# # ##.. . #...
.# #..#####.#
##........###
###....w......#
.......#@#
#....#h# ..
##.....###
#.#........#
#...?.###.#
#..#...# .# #.
#.#.###.# #
#.#.....# #
###..##


You could see a dart slug and a jackal.

Vanquished Creatures
  An endoplasm (D:1)
  3 jackals (D:1)
4 creatures vanquished.

Notes
Turn   | Place    | Note
-------+----------+-------------------------------------------
     0 | D:1      | OTABOTABOTAB the Octopode Transmuter began the quest for
                  | the Orb.
     0 | D:1      | Reached XP level 1. HP: 13/13 MP: 3/3
    24 | D:1      | Trevise: LOL
    35 | D:1      | HP: 3/13 [jackal (1)]
    42 | D:1      | HP: 1/13 [jackal (2)]
    43 | D:1      | Killed from afar by a dart slug

Illustrated notes

Levels and vault maps discovered:
D:1:      matt_arrival_grand_opening, layout_loops_ring, serial_shops,
          nicolae_lakefront_shop

Action                   || total
-------------------------++-------
Melee: Unarmed           ||     9
       Tentacles         ||     3
       Constrict         ||     2
       Kick              ||     2
 Cast: Beastly Appendage ||     2
Armor: Skin              ||     2
Dodge: Dodged            ||     8

Table legend: (Time is in decaauts)
 A = Elapsed time spent in this place.
 B = Non-inter-level travel time spent in this place.
 C = Inter-level travel time spent in this place.
 D = Time resting spent in this place.
 E = Time spent auto-exploring this place.
 F = Levels seen in this place.
 G = Mean time per level.
                   A        B        C        D        E       F      G
               +--------+--------+--------+--------+--------+-----+--------+
         Total |     42 |     42 |      0 |      0 |     19 |   1 |   42.0 |
       Dungeon |     42 |     42 |      0 |      0 |     19 |   1 |   42.0 |
               +--------+--------+--------+--------+--------+-----+--------+

Top non-repeatable levels by time:
     D:1: 42 daAuts

Table legend:
 A = Kills in this place as a percentage of kills in entire the game.
 B = Kills by you in this place as a percentage of kills by you in the entire game.
 C = Kills by friends in this place as a percentage of kills by friends in the entire game.
 D = Other kills in this place as a percentage of other kills in the entire game.
 E = Experience gained in this place as a percentage of experience gained in the entire game.
 F = Experience gained in this place divided by the number of levels of this place that you have seen.
                   A       B       C       D       E      F
               +-------+-------+-------+-------+-------+----------------------
         Total | 100.0 | 100.0 |   N/A |   N/A | 100.0 |   8.0
       Dungeon | 100.0 | 100.0 |   N/A |   N/A | 100.0 |   8.0
               +-------+-------+-------+-------+-------+----------------------
